 Dungeon Crawl Stone Soup version 0.20.1-1-g8b1a95d (webtiles) character file.

9897 Mitsuki the Fighter (level 11, -1/101 HPs)
             Began as a Hill Orc Fighter on Oct 4, 2017.
             Was an Elder of Okawaru.
             Slain by Snorg (18 damage)
             ... on level 1 of the Orcish Mines.
             The game lasted 00:32:30 (13326 turns).

Mitsuki the Fighter (Hill Orc Fighter)             Turns: 13326, Time: 00:32:31

Health: -1/101     AC: 18    Str: 20 (23) XL:     11   Next: 53%
Magic:  15/17      EV: 11    Int:  7 (10) God:    Okawaru [****..]
Gold:   732        SH: 13    Dex:  6 (8)  Spells: 10/10 levels left

rFire    + . .     SeeInvis +   a - +0 trident
rCold    + . .     Gourm    .   c - +0 shield
rNeg     . . .     Faith    .   p - +2 scale mail {rPois}
rPois    +         Spirit   .   S - +1 hat
rElec    .         Reflect  .   (no cloak)
rCorr    .         Harm     .   (no gloves)
MR       .....                  u - +0 pair of boots
Stlth    +.........             (no amulet)
Regen    0.3/turn               r - ring of protection from fire
MPRegen  0.2/turn               m - ring of protection from cold

@: heroism
A: thin metallic scales 1, see invisible, clever 1, clumsy 1, shaggy fur 2
a: Heroism, Renounce Religion


You were on level 1 of the Orcish Mines.
You worshipped Okawaru.
Okawaru was greatly pleased with you.
You were not hungry.

You visited 4 branches of the dungeon, and saw 13 of its levels.
You also visited: Ossuary.

You collected 732 gold pieces.

Inventory:

Hand Weapons
 a - a +0 trident (weapon)
Armour
 c - a +0 shield (worn)
 p - a +2 scale mail of poison resistance (worn)
 t - the cursed +1 robe of Uskayaw's Displeasure {Str+4}
   (You found it on level 4 of the Dungeon)

   It affects your strength (+4).
   It has a curse placed upon it.
 u - a +0 pair of boots (worn)
 y - a +0 helmet
 O - the +5 chain mail of Lesser Demons {MR- MP+9 Int+4}
   (You found it on level 8 of the Dungeon)

   It affects your intelligence (+4).
   It affects your resistance to hostile enchantments.
   It affects your magic capacity (+9).
 S - a +1 hat (worn)
Magical Staves
 V - an uncursed staff of power {unknown}
Jewellery
 i - an uncursed ring of flight
 m - a ring of protection from cold (right hand)
 r - a ring of protection from fire (left hand)
 E - a +1 ring of protection
 P - an uncursed ring of see invisible {unknown}
 R - an uncursed ring of protection from cold
Wands
 k - a wand of enslavement (11/24)
 L - a wand of digging (7/24)
 M - a wand of disintegration (5/24)
Scrolls
 b - 2 scrolls of noise {unknown}
 e - 5 scrolls of identify
 g - 3 scrolls of teleportation {unknown}
 l - 2 scrolls of enchant armour {unknown}
 q - 2 scrolls of random uselessness {unknown}
 s - 2 scrolls of amnesia {unknown}
 v - a scroll of fear {unknown}
 x - 5 scrolls of remove curse {unknown}
 B - a scroll of enchant weapon {unknown}
 C - 2 scrolls of immolation {unknown}
 G - 2 scrolls of fog
 K - a scroll of summoning {unknown}
Potions
 d - 2 potions of might
 h - 5 potions of curing
 j - 3 potions of lignification
 n - 2 potions of magic {unknown}
 o - 2 potions of agility
 w - a potion of invisibility {unknown}
 z - 3 potions of flight
 J - 4 potions of haste
Books
 F - a book of Party Tricks

   Spells                             Type                      Level
   a - Summon Butterflies             Summoning                    1
   b - Apportation                    Translocation                1
   c - Lesser Beckoning               Translocation                3
   d - Tukima's Dance                 Hexes                        3
   e - Alistair's Intoxication        Transmutation/Poison         5
   f - Invisibility                   Hexes                        6
 H - a book of Conjurations

   Spells                             Type                      Level
   a - Magic Dart                     Conjuration                  1
   b - Searing Ray                    Conjuration                  2
   c - Dazzling Spray                 Conjuration/Hexes            3
   d - Fulminant Prism                Conjuration/Hexes            4
   e - Force Lance                    Conjuration/Translocation    4
   f - Iskenderun's Mystic Blast      Conjuration                  4
Comestibles
 f - 7 bread rations
 A - 3 meat rations
 D - 5 chunks of flesh


   Skills:
 + Level 10.4(15.4) Fighting
 + Level 9.2(14.2) Polearms
 + Level 9.9(14.9) Armour
 + Level 9.6(14.6) Shields
 + Level 9.0 Invocations


You had 10 spell levels left.
You didn't know any spells.

Dungeon Overview and Level Annotations

Branches:
Dungeon (10/15)            Temple (1/1) D:4            Lair (1/6) D:9
    Orc (1/2) D:9

Altars:
Ashenzari
Cheibriados
Dithmenos
Elyvilon
Fedhas
Gozag
Hepliaklqana
Kikubaaqudgha
Makhleb
Nemelex Xobeh
Okawaru
Qazlal
Ru
Sif Muna
Trog
Uskayaw
Vehumet
Xom
Yredelemnul
Zin
The Shining One

Shops:
D:4 ?   D:8 %:

Annotations:
D:6 Name63's ghost, novice GrFi
Lair:1 Nergalle
Orc:1 Snorg


Innate Abilities, Weirdness & Mutations

You are partially covered in thin metallic scales. (AC +2)
You have supernaturally acute eyesight. (SInv)
Your mind is acute. (Int +2)
You are clumsy. (Dex -2)
You are covered in thick fur. (AC +2)


Message History

You are too injured to fight recklessly!
You are too injured to fight recklessly!
You are too injured to fight recklessly!
Unknown command.
You gain the combat prowess of a mighty hero.
You block Snorg's attack. Snorg barely misses you. Snorg claws you.
Snorg barely misses you. Snorg claws you.
* * * LOW HITPOINT WARNING * * *
Snorg barely misses you.
Okay, then.
You puncture Snorg!
Snorg is moderately wounded.
You block Snorg's attack. Snorg closely misses you.
Snorg claws you but does no damage.
You puncture Snorg!
Snorg is moderately wounded.
Snorg barely misses you. Snorg closely misses you. Snorg claws you!
* * * LOW HITPOINT WARNING * * *
You block Snorg's attack. Snorg barely misses you. Snorg claws you!!
You die...

##.#..#.......###
##............##.##
#......#..........##
#.....#..........).#
#.............#...<#
##.##.............##
#................##
#.......>.......#.##
##.............@...#
#..............T#.##
##..............###
#..........##.####
##...#.......##..##..
#...............T...
#...#..#....##.$.#..
#..........### .....
#....#.##.## ....


You could see Snorg (berserk).

Vanquished Creatures
  Gastronok (D:8)
  A hydra (D:9)
  A two-headed ogre (D:8)
  A deep troll earth mage (D:10)
  A wolf spider (D:9)
  A troll (D:9)
  A meliai (D:10)
  A hippogriff (D:9)
  A wyvern (D:9)
  A wraith (Ossuary)
  2 hungry ghosts (D:7)
  A porcupine (D:9)
  4 ice beasts
  3 sky beasts
  An orc warrior (D:6)
  7 ogres
  2 black bears
  7 centaurs
  Blork the orc (D:6)
  A big kobold (D:9)
  7 bullfrogs
  A gnoll sergeant (D:7)
  3 scorpions
  4 killer bees (D:7)
  4 wights (D:8)
  2 howler monkeys
  5 crimson imps
  An orc priest (D:9)
  A bullfrog skeleton (D:9)
  A centaur skeleton (D:8)
  9 hounds
  6 jellies
  Jessica (D:2)
  Terence (D:2)
  3 worker ants
  4 orc wizards
  A hound zombie (D:6)
  A mummy (Ossuary)
  2 worker ant zombies
  19 gnolls
  14 adders
  A shadow imp (D:5)
  2 adder skeletons
  A dart slug (D:2)
  6 leopard geckos
  21 orcs
  7 bats
  14 giant cockroaches
  12 goblins
  7 hobgoblins
  11 jackals
  4 quokkas
  5 ball pythons
  7 frilled lizards
  7 gnoll skeletons (Ossuary)
  A jackal skeleton (D:6)
  11 kobolds
  6 kobold skeletons (Ossuary)
  A leopard gecko skeleton (D:7)
  12 orc skeletons (Ossuary)
  A quokka skeleton (D:5)
  5 rats
271 creatures vanquished.

Notes
Turn   | Place    | Note
-------+----------+-------------------------------------------
     0 | D:1      | Mitsuki the Hill Orc Fighter began the quest for the Orb.
     0 | D:1      | Reached XP level 1. HP: 19/19 MP: 1/1
    77 | D:1      | Reached XP level 2. HP: 25/27 MP: 2/2
   593 | D:1      | Reached XP level 3. HP: 33/33 MP: 3/3
   818 | D:2      | Reached skill level 4 in Fighting
  1061 | D:2      | Reached XP level 4. HP: 29/40 MP: 4/4
  1375 | D:2      | Found a blossoming altar of Fedhas.
  1396 | D:2      | Noticed Terence
  1412 | D:2      | Killed Terence
  1412 | D:2      | Reached XP level 5. HP: 47/47 MP: 5/5
  1695 | D:2      | Noticed Jessica
  1699 | D:2      | Killed Jessica
  1992 | D:3      | Reached skill level 5 in Armour
  1997 | D:3      | Reached XP level 6. HP: 41/53 MP: 6/6
  2456 | D:4      | Got a bloodstained robe
  2530 | D:4      | Identified the cursed +1 robe of Uskayaw's Displeasure {Str+4} (You found it on level 4 of the Dungeon)
  2565 | D:4      | Reached skill level 5 in Fighting
  2631 | D:4      | Found Qanlip Soe's Magic Scroll Emporium.
  2744 | D:4      | Found a staircase to the Ecumenical Temple.
  2964 | D:5      | Entered Level 5 of the Dungeon
  3072 | D:5      | Reached skill level 5 in Shields
  3072 | D:5      | Reached XP level 7. HP: 20/61 MP: 7/7
  3351 | D:5      | Gained mutation: Your mind is acute. (Int +2) [mutagenic meat]
  3352 | D:5      | Gained mutation: You have supernaturally acute eyesight. (SInv) [mutagenic meat]
  3353 | D:5      | Gained mutation: You are robust. (+10% HP) [mutagenic meat]
  3354 | D:5      | Gained mutation: You are covered in fur. (AC +1) [mutagenic meat]
  3355 | D:5      | Lost mutation: You are robust. (+10% HP) [mutagenic meat]
  3356 | D:5      | Gained mutation: You have sharp toenails. [mutagenic meat]
  3536 | D:5      | Found a basalt altar of Yredelemnul.
  3676 | D:5      | Reached skill level 6 in Fighting
  3987 | Temple   | Entered the Ecumenical Temple
  4068 | Temple   | Became a worshipper of Warmaster Okawaru
  4422 | D:5      | Reached skill level 1 in Invocations
  4422 | D:5      | Reached XP level 8. HP: 50/70 MP: 8/8
  4781 | D:5      | Reached skill level 5 in Polearms
  4789 | D:6      | Noticed Blork the orc
  4898 | D:6      | Killed Blork the orc
  5045 | D:6      | Noticed Name63's ghost (novice GrFi)
  5950 | D:6      | Reached * piety under Okawaru
  6053 | D:6      | Reached skill level 7 in Fighting
  6063 | D:6      | Reached XP level 9. HP: 67/79 MP: 10/12
  6103 | D:6      | Found an opulent altar of Gozag.
  6151 | D:6      | Found a shattered altar of Ashenzari.
  6155 | D:6      | Found a sparkling altar of Nemelex Xobeh.
  6941 | D:7      | Found a basalt altar of Yredelemnul.
  7074 | D:7      | Paralysed by fainting for 12 turns
  7088 | D:7      | Reached ** piety under Okawaru
  7126 | D:7      | Reached skill level 5 in Invocations
  7390 | D:7      | Found a white marble altar of Elyvilon.
  7688 | D:8      | Noticed Gastronok
  7688 | D:8      | Reached skill level 8 in Fighting
  7979 | D:8      | Found Foles's Book Shoppe.
  7994 | D:8      | Found a sand-covered staircase.
  8000 | Ossuary  | Entered an ossuary
  8580 | D:8      | Found Yheryomm's Food Shoppe.
  9146 | D:7      | Reached XP level 10. HP: 88/90 MP: 11/14
  9199 | D:7      | Gained mutation: You are covered in thick fur. (AC +2) [mutagenic meat]
  9200 | D:7      | Gained mutation: Your mind is very acute. (Int +4) [mutagenic meat]
  9201 | D:7      | Gained mutation: You are clumsy. (Dex -2) [mutagenic meat]
  9202 | D:7      | Lost mutation: You have sharp toenails. [mutagenic meat]
  9203 | D:7      | Lost mutation: Your mind is very acute. (Int +4) [mutagenic meat]
  9204 | D:7      | Gained mutation: You are partially covered in thin metallic scales. (AC +2) [mutagenic meat]
  9363 | D:7      | Reached *** piety under Okawaru
  9582 | D:8      | You fall through a shaft!
  9619 | D:9      | Found a staircase to the Orcish Mines.
 10003 | D:8      | Got a polished chain mail
 10010 | D:8      | Identified the +5 chain mail of Lesser Demons {MR- MP+9 Int+4} (You found it on level 8 of the Dungeon)
 10044 | D:8      | Noticed a two-headed ogre
 10073 | D:8      | Killed a two-headed ogre
 10073 | D:8      | Reached skill level 9 in Fighting
 10420 | D:8      | Found a sacrificial altar of Ru.
 10542 | D:8      | Killed Gastronok
 10542 | D:8      | Reached **** piety under Okawaru
 10542 | D:8      | Reached XP level 11. HP: 75/99 MP: 15/17
 11021 | D:9      | Found a staircase to the Lair.
 11092 | Lair:1   | Entered Level 1 of the Lair of Beasts
 11092 | Lair:1   | Noticed a seven-headed hydra
 11100 | Lair:1   | Noticed Nergalle
 11113 | D:9      | Killed a seven-headed hydra
 11113 | D:9      | Reached skill level 10 in Fighting
 11474 | D:10     | Entered Level 10 of the Dungeon
 11488 | D:10     | Noticed a glowing orange brain
 12037 | D:10     | Noticed a deep troll earth mage
 12042 | D:10     | Killed a deep troll earth mage
 12265 | D:10     | Noticed a wolf spider
 12286 | D:9      | Killed a wolf spider
 12984 | D:10     | Noticed a stone giant
 13026 | Orc:1    | Entered Level 1 of the Orcish Mines
 13303 | Orc:1    | Noticed Snorg
 13326 | Orc:1    | Slain by Snorg

Skill      XL: |  1  2  3  4  5  6  7  8  9 10 11 |
---------------+----------------------------------+-----
Armour         | 4 5 6 7 8 9 |  9.9
Fighting       | 4 5 6 7 8 9 10 | 10.4
Polearms       | 3 4 5 7 8 9 |  9.2
Shields        | 4 5 6 7 8 9 |  9.6
Invocations    | 1 4 6 8 9 |  9.0

Action                   |  1- 3 |  4- 6 |  7- 9 | 10-12 || total
-------------------------+-------+-------+-------+-------++-------
Melee: Trident           |   107 |   235 |   698 |   442 ||  1482
Invok: Heroism           |       |       |     7 |     7 ||    14
  Use: Scroll            |       |     1 |     2 |     7 ||    10
       Potion            |       |       |     3 |     8 ||    11
 Stab: Paralysed         |       |       |       |     1 ||     1
  Eat: Chunk             |     1 |     7 |    20 |    16 ||    44
       Fruit             |       |       |     3 |     2 ||     5
       Royal jelly       |       |       |     3 |     1 ||     4
       Bread ration      |       |       |     1 |       ||     1
Armor: Scale mail        |    34 |   118 |   414 |   167 ||   733
Dodge: Dodged            |    40 |    72 |   294 |   179 ||   585
Block: Shield            |    53 |   119 |   492 |   284 ||   948
